AoeStats
← ML16798

MegaRandom

509789506Analyzed
4v4 RM · 4d ago on Sep 28, 2026· 54m 46s· 8 players
Game mode
Random Map
Map size
Large (8 player)
Population
200
Speed
Normal
Resources
Standard
Victory
Conquest
Starting age
Dark Age
Ending age
Imperial Age
RankedLock teamsTeams togetherTeam positionsShared explorationLock speedFull tech treeHidden civsTurbo modeCheats
Victory
Defeat
🇵🇪 Turks · Peru
1044
+15
🇺🇾 Byzantines · Uruguay
987
+18
🇨🇱 Vikings · Chile
984
+18
🇦🇷 Bulgarians · Argentina
978
+18
🇺🇸 Britons · United States
1058
-20
1017
-17
🇲🇽 Danes · Mexico
1007
-16
🇲🇽 Jurchens · Mexico
1002
-16
[GDL] Wenjie
0:29 Loom
13:30 Feudal Age
20:02 Castle Age
20:11 Double-Bit Axe
20:05 Pikeman
20:28 Horse Collar
24:59 Stone Mining
26:37 Wheelbarrow
28:47 Light Cavalry
29:38 Bloodlines
31:40 Murder Holes
36:35 Hand Cart
36:49 Ballistics
38:00 Forging
37:50 Scale Mail Armor
38:36 Bow Saw
38:49 Heavy Plow
42:58 Iron Casting
42:24 Scale Mail Armor
46:20 Imperial Age
47:10 Halberdier
49:18 Chain Mail Armor
49:31 Heavy Scorpion
53:34 Elite Skirmisher
54:13 Fletching
54:23 Padded Archer Armor
Standing Alone!
10:42 Feudal Age
10:56 Loom
13:07 Town Watch
16:42 Castle Age
20:06 Wheelbarrow
19:14 Fishing Lines
20:21 Stone Mining
20:29 Gold Mining
20:27 Double-Bit Axe
26:05 Bow Saw
25:47 Fletching
25:58 Padded Archer Armor
26:55 Bodkin Arrow
28:02 Forging
27:52 Scale Mail Armor
28:06 Horse Collar
29:30 Ballistics
32:09 Imperial Age
30:22 Hand Cart
29:57 Pikeman
31:58 Chain Mail Armor
32:18 Iron Casting
33:16 Bracer
33:47 Plate Mail Armor
35:00 Blast Furnace
34:21 Halberdier
35:22 Leather Archer Armor
36:25 Conscription
35:27 Elite Longbowman
36:05 Man-at-Arms
36:31 Gambesons
36:54 Long Swordsman
38:41 Squires
38:34 Arson
39:50 Ring Archer Armor
39:52 Two-Handed Swordsman
41:15 Champion
44:08 Chemistry
50:03 Heavy Plow
NWGHOST7888
2:15 Loom
13:00 Feudal Age
15:24 Double-Bit Axe
16:32 Forging
18:04 Bloodlines
19:19 Scale Barding Armor
19:46 Stone Mining
20:09 Horse Collar
25:17 Castle Age
26:44 Heavy Plow
32:04 Imperial Age
32:05 Wheelbarrow
31:17 Town Watch
32:58 Fletching
33:30 Chain Barding Armor
37:44 Hand Cart
38:22 Fortified Wall
40:20 Chemistry
39:46 Masonry
43:23 Ballistics
44:18 Architecture
48:48 Bodkin Arrow
48:59 Padded Archer Armor
51:44 Siege Engineers
rodolfo casas noten¨o
1:56 Loom
14:06 Feudal Age
22:49 Castle Age
21:02 Double-Bit Axe
21:59 Forging
22:22 Scale Barding Armor
34:46 Bow Saw
35:30 Iron Casting
36:26 Chatras
37:11 Husbandry
38:43 Chain Barding Armor
39:15 Fletching
40:03 Gold Mining
40:52 Wheelbarrow
41:04 Thumb Ring
40:20 Crossbowman
45:12 Ballistics
47:59 Fletching
48:28 Padded Archer Armor
50:01 Elite Skirmisher
50:38 Bodkin Arrow
52:31 Leather Archer Armor
54:02 Town Watch
54:32 Hand Cart
ML16798
1:23 Loom
12:11 Feudal Age
12:37 Town Watch
13:09 Double-Bit Axe
19:21 Castle Age
19:39 Wheelbarrow
20:23 Bow Saw
19:55 Horse Collar
20:14 Gold Mining
23:02 Town Patrol
23:51 Fervor
27:44 Scale Mail Armor
27:54 Forging
27:50 Scale Barding Armor
27:35 Fletching
30:37 Gold Shaft Mining
29:53 Stone Mining
30:24 Husbandry
30:14 Gambesons
31:43 Hand Cart
32:30 Bloodlines
32:07 Arson
32:23 Squires
33:23 Heavy Plow
36:30 Imperial Age
34:53 Iron Casting
34:45 Stirrups
37:01 Chain Mail Armor
37:06 Chain Barding Armor
37:27 Stone Shaft Mining
37:24 Elite Konnik
38:37 Ballistics
38:29 Masonry
40:39 Plate Barding Armor
41:23 Conscription
43:35 Bagains
45:32 Crop Rotation
46:08 Chemistry
46:49 Plate Mail Armor
47:31 Blast Furnace
48:03 Architecture
47:29 Murder Holes
47:40 Siege Engineers
47:25 Heated Shot
47:26 Guard Tower
50:52 Caravan
52:11 Bodkin Arrow
Danubio Futbol Club
10:32 Feudal Age
14:20 Castle Age
13:27 Double-Bit Axe
22:11 Fishing Lines
26:24 Loom
27:15 Wheelbarrow
26:21 Horse Collar
27:47 Forging
27:37 Scale Mail Armor
28:57 Arson
29:14 Squires
29:17 Gillnets
30:37 Iron Casting
30:17 Chain Mail Armor
29:56 Fletching
32:16 Gambesons
35:20 Imperial Age
37:18 Plate Mail Armor
38:04 Conscription
37:21 Elite Varangian Guard
41:09 Chemistry
42:23 Logistica
43:25 Ballistics
45:16 Pikeman
52:48 Halberdier
Huidaveloz
2:58 Loom
13:28 Feudal Age
15:02 Town Watch
18:03 Castle Age
16:28 Double-Bit Axe
17:28 Horse Collar
20:07 Padded Archer Armor
20:44 Crossbowman
26:13 Fervor
27:57 Fletching
28:23 Leather Archer Armor
29:04 Ballistics
29:09 Bodkin Arrow
31:07 Fishing Lines
32:42 Scale Mail Armor
35:55 Imperial Age
34:24 Bow Saw
34:35 Forging
34:15 Arson
37:26 Bracer
37:43 Chain Mail Armor
38:41 Ring Archer Armor
40:01 Chemistry
39:42 Iron Casting
41:27 Conscription
41:50 Chieftains
42:15 Arbalester
46:17 Two-Man Saw
46:00 Plate Mail Armor
46:29 Gold Mining
46:29 Stone Mining
48:29 Hoardings
48:07 Squires
48:17 Elite Berserk
51:50 Blast Furnace
52:02 Bogsveigar
Milaneso Blinders
6:41 Loom
9:18 Feudal Age
9:51 Double-Bit Axe
12:26 Bloodlines
13:28 Scale Barding Armor
14:44 Forging
15:41 Town Watch
21:41 Castle Age
23:16 Chain Barding Armor
26:20 Husbandry
26:49 Fletching
27:59 Horse Collar
28:29 Bow Saw
29:18 Bodkin Arrow
32:19 Heavy Plow
33:55 Wheelbarrow
Connection lost

Rejoining the realm…

Still unreachable

The connection could not be restored.

Session expired

The server has moved on; the page needs a fresh start.